 Dungeon Crawl Stone Soup version 0.30-a0-779-g7971cf19c3 (webtiles) character file.

Game seed: 7618157338975499025

73 DEFE the Trooper (level 4, -3/39 HPs)
             Began as a Demonspawn Wanderer on Feb 17, 2023.
             Was a Follower of Vehumet.
             Killed by divine providence
             ... invoked by an orc priest
              (13 damage)
             ... on level 3 of the Dungeon.
             The game lasted 00:01:40 (1587 turns).

DEFE the Trooper (Demonspawn Wanderer)              Turns: 1587, Time: 00:01:41

Health: -3/39      AC:  6    Str: 12    XL:     4   Next: 8%
Magic:  6/6        EV: 11    Int: 17    God:    Vehumet [*.....]
Gold:   147        SH:  0    Dex: 11    Spells: 6/6 levels left

rFire   . . .      SeeInvis .    a - +0 shortbow
rCold   . . .      Faith    .    (shield currently unavailable)
rNeg    . . .      Spirit   .    e - +0 robe
rPois   .          Reflect  .    c - +0 helmet
rElec   .          Harm     .    (no cloak)
rCorr   .          Rampage  .    l - +0 pair of gloves
Will    .....                    (no boots)
Stlth   +                        (no amulet)
HPRegen 0.26/turn                (no ring)
MPRegen 0.10/turn                (no ring)

@: flying
A: slimy green scales 1, demonic magic 1, weakness stinger 1
a: Renounce Religion


You were on level 3 of the Dungeon.
You worshipped Vehumet.
Vehumet was aware of your devotion.
You visited 1 branch of the dungeon, and saw 3 of its levels.

You collected 147 gold pieces.

Inventory:

Hand Weapons
 a - a +0 shortbow (weapon)
 b - a +0 mace
Armour
 c - a +0 helmet (worn)
 e - a +0 robe (worn)
 l - a +0 pair of gloves (worn)
Magical Staves
 q - a staff of cold
Scrolls
 d - 3 scrolls of teleportation
 g - a scroll of fear {unknown}
 j - a scroll of identify {unknown}
 m - a scroll of enchant weapon {unknown}
 p - a scroll of vulnerability {unknown}
 r - a scroll of enchant armour {unknown}
Potions
 f - a potion of heal wounds {unknown}
 h - a potion of flight
 i - a potion of lignification {unknown}
 k - a potion of ambrosia {unknown}
 n - 2 potions of curing {unknown}
 o - a potion of berserk rage {unknown}


   Skills:
 + Level 5.5 Fighting
 - Level 1.0 Maces & Flails
 - Level 3.3 Ranged Weapons
 - Level 1.0 Stealth
 + Level 1.8 Spellcasting


You had 6 spell levels left.
You didn't know any spells.
Your spell library was empty.

Dungeon Overview and Level Annotations

Branches:
Dungeon (3/15)

Altars:
Makhleb
Vehumet


Innate Abilities, Weirdness & Mutations

You are partially covered in slimy green scales. (AC +2)
Spells you cast may paralyse adjacent enemies.
You have a small tail.


Message History

You hear a shout! x2
An orc comes into view.
It is wielding a +1 dagger of electrocution.
You shoot an arrow. The arrow hits the ball python.
You kill the ball python!
Vehumet accepts your kill.
A bat comes into view.
An orc comes into view. It is wielding a +0 flail.
The bat moves out of view.
You shoot an arrow. The arrow hits the orc!
You shoot an arrow. The arrow hits the orc.
You kill the orc!
Vehumet accepts your kill.
An orc priest comes into view. It is wielding a +0 dagger.
You shoot an arrow. The arrow hits the orc.
You shoot an arrow. The arrow hits the orc.
The orc priest invokes the aid of Beogh against you.
Beogh smites you!
You shoot an arrow. The arrow hits the orc!
You kill the orc!
Vehumet accepts your kill.
You shoot an arrow. The arrow closely misses the orc.
The arrow hits the orc priest!
The orc priest invokes the aid of Beogh against you.
Beogh smites you!
The orc hits you with a +1 dagger of electrocution.
* * * LOW HITPOINT WARNING * * *
The orc priest miscasts a cantrip.
You are too injured to fight recklessly!
You are too injured to fight recklessly!
You are too injured to fight recklessly!
You are too injured to fight recklessly!
Unknown command.
You take 29 damage, and have 10/39 hp.
MASSIVE DAMAGE!!
It was a potion of flight.
You feel very buoyant.
You fly up into the air.
The orc priest mumbles some strange prayers to Beogh against you.
Beogh smites you!
You die...

,,,,*,,,,,,**,**#.# #.# #.#......
*****,*,,,***,* #.# #.# #........
*,**>** *,* #.# #.# #.#......
****,**,*##*,* #.# #.# #.###...#
*,,,,,,,,....###†###.# #.###...#
**,**,,,,.............# #........
*,,****,,.....###.#######..##.###
,,,****,,.....###.######.........
,,,,,,,,,...o)).@..........##.###
,,,,,*,,,.....##o#######.(...>...
*,**,,,,,...,,*#.# #.####.###
*,***,*,,.,,,,*#.#*****#.* #.#
*,* *,****,****#..,,,,,.,* #.#
*,* *,* *,* ###****##** #.# ,,*
*,* *,* #.# *,***,** *,* #.#
#.##,,,* *,* #.#


You could see an orc priest and an orc.

Vanquished Creatures
  3 adders
  A worm (D:3)
  3 orcs (D:3)
  4 endoplasms
  A giant cockroach (D:3)
  2 goblins (D:2)
  4 hobgoblins
  5 kobolds
  A quokka (D:1)
  5 ball pythons
  3 bats
  6 rats
38 creatures vanquished.

Vanquished Creatures (others)
  4 fungi (D:2)
4 creatures vanquished.

Grand Total: 42 creatures vanquished

Notes
Turn   | Place    | Note
-------+----------+-------------------------------------------
     0 | D:1      | DEFE the Demonspawn Wanderer began the quest for the Orb.
     0 | D:1      | DEFE set off with the following items: a +0 shortbow, a +0
                  | mace, a +0 helmet, a scroll of teleportation, a +0 robe.
     0 | D:1      | Reached XP level 1. HP: 21/21 MP: 1/1
   200 | D:1      | Gained mutation: Spells you cast may paralyse adjacent
                  | enemies. [demonic ancestry]
   200 | D:1      | Reached XP level 2. HP: 27/27 MP: 2/2
   920 | D:2      | Reached skill level 1 in Spellcasting
   920 | D:2      | Gained mutation: You are partially covered in slimy green
                  | scales. (AC +2) [demonic ancestry]
   920 | D:2      | Reached XP level 3. HP: 31/33 MP: 4/4
  1055 | D:2      | Found a faded altar of an unknown god.
  1064 | D:2      | Prayed at the altar of an unknown god.
  1064 | D:2      | Became a worshipper of Vehumet
  1064 | D:2      | Reached * piety under Vehumet
  1064 | D:2      | Offered knowledge of Shock by Vehumet.
  1230 | D:3      | Found a burning altar of Makhleb.
  1433 | D:3      | Gained mutation: You have a small tail. [demonic ancestry]
  1433 | D:3      | Reached XP level 4. HP: 18/39 MP: 6/6
  1587 | D:3      | Killed from afar by an orc priest

Illustrated notes

Levels and vault maps discovered:
D:1:      saegor_arrival_miasma, layout_loops_ring
D:2:      layout_rooms, shapermc_ecumenical_altar_petra, serial_curves,
          eino_curves_04, eino_curves_02, kennysheep_flooded_box
D:3:      layout_loops_ring, mainiacjoe_overflow_catwalk, tso_metal_star

Skill      XL: |  1  2 |
---------------+-------+-----
Ranged Weapons | 3 |  3.3
Spellcasting   | 1 |  1.8
Fighting       | |  5.5
Maces & Flails | |  1.0
Stealth        | |  1.0

Action                     |  1- 3 |  4- 6 || total
---------------------------+-------+-------++-------
   Fire: Shortbow          |   121 |     8 ||   129
    Use: Scroll            |     1 |       ||     1
         Potion            |       |     1 ||     1
 Armour: Robe              |    12 |       ||    12
  Dodge: Dodged            |    29 |       ||    29

Table legend: (Time is in decaauts)
 A = Elapsed time spent in this place.
 B = Non-inter-level travel time spent in this place.
 C = Inter-level travel time spent in this place.
 D = Time resting spent in this place.
 E = Time spent auto-exploring this place.
 F = Levels seen in this place.
 G = Mean time per level.
                   A        B        C        D        E       F      G
               +--------+--------+--------+--------+--------+-----+--------+
         Total |   1630 |   1541 |     89 |    140 |   1128 |   3 |  543.3 |
       Dungeon |   1630 |   1541 |     89 |    140 |   1128 |   3 |  543.3 |
               +--------+--------+--------+--------+--------+-----+--------+

Top non-repeatable levels by time:
     D:1: 608 daAuts
     D:2: 518 daAuts
     D:3: 502 daAuts
